[Event "December 12 Early 2023"]
[Site "https://www.chess.com"]
[Date "2023.12.12"]
[Round "7"]
[White "Womacka, Mathias"]
[Black "Mindlin, Alon"]
[Result "0-1"]
[Board "54"]
[TimeControl "180+1"]
[WhiteFideId "4611390"]
[BlackFideId "2800071"]
[WhiteElo "2530"]
[BlackElo "2736"]
[WhiteTeam "GER"]
[BlackTeam "ISR"]
[WhiteClock "0:00:04"]
[BlackClock "0:00:36"]

1. e4 e5 2. Nf3 Nc6 3. Bb5 a6 4. Bxc6 dxc6 5. O-O f6 6. d4 Bg4 7. c3 c5 8. d5 Bd6 9. Be3 Ne7 10. Nbd2 Qd7 11. h3 Bh5 12. Nxe5 Qxh3 13. gxh3 Bxd1 14. Raxd1 fxe5 15. f4 exf4 16. Bxf4 Ng6 17. Bxd6 cxd6 18. Nc4 Ke7 19. e5 Nxe5 20. Nxe5 dxe5 21. Rf5 Rae8 22. Rxe5+ Kd6 23. Rxe8 Rxe8 24. Kf2 c4 25. Rd4 b5 26. b3 Rc8 27. bxc4 Rxc4 28. Rxc4 bxc4 29. Ke3 Kxd5 30. Kf4 a5 31. a4 Ke6 32. Ke4 g5 33. Kd4 h5 34. Kxc4 g4 35. hxg4 h4 36. Kb5 h3 37. Kxa5 h2 0-1

[Event "December 12 Early 2023"]
[Site "https://www.chess.com"]
[Date "2023.12.12"]
[Round "7"]
[White "Krzyzanowski, Marcin"]
[Black "Reprintsev, Alexander"]
[Result "1-0"]
[Board "55"]
[TimeControl "180+1"]
[WhiteFideId "1132199"]
[BlackFideId "14100541"]
[WhiteElo "2731"]
[BlackElo "2520"]
[WhiteTeam "POL"]
[BlackTeam "UKR"]
[WhiteClock "0:01:17"]
[BlackClock "0:01:57"]

1. Nf3 d5 2. g3 Nc6 3. d4 Bf5 4. Bg2 Nb4 5. Na3 e6 6. O-O h6 7. c3 Nc6 8. Nc2 Bd6 9. c4 Nf6 10. Ne3 Bh7 11. cxd5 exd5 12. Qb3 Be4 13. Qxb7 Nb4 14. Qb5+ c6 15. Qa4 Qb6 16. Bd2 a6 17. a3 a5 18. axb4 1-0

[Event "December 12 Early 2023"]
[Site "https://www.chess.com"]
[Date "2023.12.12"]
[Round "7"]
[White "Arslanov, Shamil"]
[Black "Senft, Sean"]
[Result "1-0"]
[Board "56"]
[TimeControl "180+1"]
[WhiteFideId "4192826"]
[BlackFideId "2044960"]
[WhiteElo "2730"]
[BlackElo "2495"]
[WhiteTeam "RUS"]
[BlackTeam "USA"]
[WhiteClock "0:00:22"]
[BlackClock "0:01:27"]

1. d4 d5 2. e4 dxe4 3. Nc3 Nf6 4. f3 exf3 5. Nxf3 e6 6. Bg5 Be7 7. Bd3 Nbd7 8. O-O c6 9. Qe1 Nb6 10. Qh4 Nbd5 11. Ne5 h5 12. Rae1 Bd7 13. Kh1 Qc7 14. Nxd5 cxd5 15. Rxf6 gxf6 16. Bxf6 Bxf6 17. Qxf6 O-O 18. Qg5+ 1-0

[Event "December 12 Early 2023"]
[Site "https://www.chess.com"]
[Date "2023.12.12"]
[Round "7"]
[White "Kosteniuk, Alexandra"]
[Black "Shevchuk, Olexandr"]
[Result "0-1"]
[Board "57"]
[TimeControl "180+1"]
[WhiteFideId "4128125"]
[BlackFideId "14113775"]
[WhiteElo "2724"]
[BlackElo "2484"]
[WhiteTeam "SUI"]
[BlackTeam "UKR"]
[WhiteClock "0:00:00"]
[BlackClock "0:00:07"]

1. e4 c5 2. c3 d5 3. exd5 Qxd5 4. d4 Nf6 5. Nf3 e6 6. Be2 Nc6 7. O-O Be7 8. c4 Qd8 9. dxc5 Qxd1 10. Rxd1 Bxc5 11. Nc3 Ke7 12. a3 a5 13. h3 Rd8 14. Bf4 Nd4 15. Nxd4 Bxd4 16. Nb5 e5 17. Nxd4 exf4 18. Bf3 Rb8 19. Rd3 Be6 20. Rc1 Nd7 21. Rdd1 Ne5 22. Be2 Rbc8 23. c5 a4 24. Bb5 Bb3 25. Nxb3 axb3 26. Rxd8 Rxd8 27. Re1 Kf6 28. Re2 Rd4 29. f3 Ke6 30. Kf2 Kd5 31. Be8 f6 32. a4 Kxc5 33. Bb5 g5 34. Ke1 h5 35. Kf2 b6 36. Ke1 h4 37. Kf2 Rd1 38. Ba6 Kd4 39. Re4+ Kd5 40. Re2 Kc5 41. Bb5 Kd5 42. Ba6 f5 43. Bb7+ Kd4 44. Ba6 Nd3+ 45. Bxd3 Kxd3 46. Re5 Rd2+ 47. Kg1 Rxb2 48. Rb5 Kc4 49. Rxb6 Ra2 50. Rc6+ Kd3 51. Rd6+ Kc2 52. Rc6+ Kb1 53. Rb6 b2 54. Kf2 Ka1 0-1

[Event "December 12 Early 2023"]
[Site "https://www.chess.com"]
[Date "2023.12.12"]
[Round "7"]
[White "JG-17"]
[Black "Makhnev, Denis"]
[Result "0-1"]
[Board "58"]
[TimeControl "180+1"]
[BlackFideId "13707647"]
[WhiteElo "2482"]
[BlackElo "2698"]
[BlackTeam "KAZ"]
[WhiteClock "0:01:26"]
[BlackClock "0:01:26"]

1. e4 c6 2. d4 d5 3. exd5 cxd5 4. Bd3 Nc6 5. c3 Nf6 6. Bf4 Bg4 7. Qb3 Qd7 8. Nd2 e6 9. Ngf3 Bxf3 10. Nxf3 Bd6 11. Bxd6 Qxd6 12. O-O O-O 13. Rfe1 Qc7 14. Ne5 Nxe5 15. dxe5 Nd7 16. Qd1 Nxe5 17. Bxh7+ Kxh7 18. Qh5+ Kg8 19. Qxe5 Qxe5 20. Rxe5 Rac8 21. Rd1 Rc4 22. g3 b5 23. f4 g6 24. Re3 Rfc8 25. Rdd3 a5 26. Kf2 b4 27. cxb4 Rxb4 28. Rd2 a4 29. Ree2 Rc1 30. Rc2 Ra1 31. a3 Rb3 32. Rc8+ Kg7 33. Ra8 Ra2 34. Rxa4 Rbxb2 35. Rxb2 Rxb2+ 36. Kg1 Kf6 37. Ra7 Ra2 38. h3 d4 39. Rd7 Rxa3 40. Rxd4 Rxg3+ 41. Kh2 Rc3 42. Kg2 Kf5 43. Rd7 f6 44. Rf7 Rc4 45. Kg3 Rxf4 46. Rxf6+ Kxf6 47. Kxf4 e5+ 48. Kg4 g5 49. Kg3 Kf5 50. Kf3 e4+ 51. Ke3 Ke5 0-1

[Event "December 12 Early 2023"]
[Site "https://www.chess.com"]
[Date "2023.12.12"]
[Round "7"]
[White "Volkov, Maksim"]
[Black "Zeneli, Klendi"]
[Result "0-1"]
[Board "59"]
[TimeControl "180+1"]
[WhiteFideId "54123070"]
[BlackFideId "4706609"]
[WhiteElo "2690"]
[BlackElo "2379"]
[WhiteTeam "RUS"]
[BlackTeam "ALB"]
[WhiteClock "0:00:06"]
[BlackClock "0:00:08"]

1. e4 e5 2. Nf3 Nc6 3. Bc4 Nf6 4. d3 Bc5 5. c3 d6 6. O-O a6 7. a4 Ba7 8. b4 O-O 9. Nbd2 h6 10. Re1 Ng4 11. Re2 Kh8 12. h3 f5 13. Nf1 Nf6 14. Nh4 Qe8 15. exf5 Ne7 16. Ng3 Nh5 17. Nf1 Nxf5 18. Nxf5 Bxf5 19. Bd5 c6 20. Bf3 Bxh3 21. Bxh5 Qxh5 22. Be3 Bg4 23. f3 Rxf3 24. Bxa7 Rxf1+ 25. Qxf1 Bxe2 26. Qf2 Bxd3 27. Be3 Kg8 28. Qd2 Qe2 29. Qxe2 Bxe2 30. Re1 Bc4 31. Rd1 d5 32. a5 Re8 33. Bc5 e4 34. Kf2 Re6 35. Ke3 Rg6 36. Kf2 Rg4 37. Bd4 g5 38. Rh1 Kh7 39. g3 Kg6 40. Be5 h5 41. Ke3 Kf5 42. Bc7 h4 43. gxh4 gxh4 44. Rh2 Kg5 45. Bd8+ Kh5 46. Kd4 Bf1 47. Rf2 Bg2 48. Rf5+ Kh6 49. Rf6+ Kg7 50. Rd6 h3 51. Rd7+ Kg6 52. Bc7 Rh4 53. Be5 h2 54. Bxh2 Rxh2 55. Rxb7 Bf3 56. Rc7 Rd2+ 57. Kc5 e3 58. Rxc6+ Kf5 59. Rc8 e2 60. Rf8+ Kg4 61. Rg8+ Kf4 62. Rf8+ Ke3 0-1

[Event "December 12 Early 2023"]
[Site "https://www.chess.com"]
[Date "2023.12.12"]
[Round "7"]
[White "Melikhov, Evgeny V."]
[Black "Baskakov, Egor"]
[Result "0-1"]
[Board "60"]
[TimeControl "180+1"]
[WhiteFideId "4122046"]
[BlackFideId "24197866"]
[WhiteElo "2406"]
[BlackElo "2886"]
[WhiteTeam "GRE"]
[BlackTeam "RUS"]
[WhiteClock "0:00:07"]
[BlackClock "0:00:59"]

1. d4 Nf6 2. c4 e6 3. Nc3 d5 4. cxd5 Nxd5 5. e4 Nxc3 6. bxc3 b6 7. Bd3 Bb7 8. Nf3 Nd7 9. O-O Be7 10. Bb2 c5 11. Re1 cxd4 12. cxd4 O-O 13. Qe2 Rc8 14. Rad1 Bb4 15. Rf1 Qe7 16. Ba6 Bxa6 17. Qxa6 Nf6 18. Qe2 Rfe8 19. d5 exd5 20. Bxf6 Qxf6 21. Rxd5 Qf4 22. e5 Qc4 23. Qxc4 Rxc4 24. Rfd1 h6 25. h3 Rc2 26. Rd8 Rf8 27. Rxf8+ Kxf8 28. Nd4 Rc5 29. Kf1 Bc3 30. Nf3 Ke7 31. Ke2 Bxe5 32. Nxe5 Rxe5+ 33. Kf3 Rf5+ 34. Ke3 Ra5 35. Rd2 Ra3+ 36. Ke4 Ke6 37. f4 g6 38. g4 f5+ 39. gxf5+ gxf5+ 40. Kd4 Rf3 41. Re2+ Kd6 42. Re8 Rxf4+ 43. Ke3 Rh4 44. Ra8 Rxh3+ 45. Kf4 Ra3 46. Kxf5 Rxa2 47. Ke4 h5 48. Kd4 Ra4+ 49. Kc3 h4 50. Rh8 Kc6 51. Kb3 Rg4 52. Rh5 a5 53. Ka3 Kb7 54. Kb3 Ka6 55. Ka3 Rg3+ 56. Ka4 b5+ 57. Rxb5 Ra3+ 58. Kxa3 Kxb5 0-1

[Event "December 12 Early 2023"]
[Site "https://www.chess.com"]
[Date "2023.12.12"]
[Round "7"]
[White "Gabrielian, Artur"]
[Black "Cordoba Roa, Angel Gabriel"]
[Result "1-0"]
[Board "61"]
[TimeControl "180+1"]
[WhiteFideId "4131002"]
[BlackFideId "3957624"]
[WhiteElo "2755"]
[BlackElo "2577"]
[WhiteTeam "RUS"]
[BlackTeam "COL"]
[WhiteClock "0:01:45"]
[BlackClock "0:01:31"]

1. e4 e5 2. Nf3 Nc6 3. Bb5 a6 4. Bxc6 dxc6 5. Nc3 Qf6 6. d4 exd4 7. Qxd4 Qg6 8. O-O Be6 9. Bf4 c5 10. Qe3 Bd6 11. Bxd6 cxd6 12. Rad1 Rd8 13. e5 Qxc2 14. Ne4 d5 15. Nd6+ Kf8 16. Rc1 Qxb2 17. Qxc5 Ne7 18. Rb1 Qxa2 19. Rxb7 g6 20. Nxf7 Re8 21. N7g5 Bg8 22. Qd6 1-0

[Event "December 12 Early 2023"]
[Site "https://www.chess.com"]
[Date "2023.12.12"]
[Round "7"]
[White "Yelisieiev, Yevhenii"]
[Black "Rychkov, Oleg"]
[Result "0-1"]
[Board "62"]
[TimeControl "180+1"]
[WhiteFideId "14139642"]
[BlackFideId "4122852"]
[WhiteElo "2572"]
[BlackElo "2741"]
[WhiteTeam "GER"]
[BlackTeam "RUS"]
[WhiteClock "0:00:01"]
[BlackClock "0:01:51"]

1. d4 Nf6 2. Nf3 c5 3. d5 e6 4. c4 exd5 5. cxd5 d6 6. Nc3 g6 7. Bf4 Bg7 8. e3 O-O 9. Be2 Na6 10. Nd2 Nc7 11. Nc4 b5 12. Nxd6 b4 13. Ncb5 Ncxd5 14. Nxc8 Nxf4 15. Qxd8 Rxd8 16. exf4 Raxc8 17. Nxa7 Rc7 18. Nb5 Re7 19. Rd1 Rde8 20. Rd2 c4 21. Kd1 Ne4 22. Rc2 Nxf2+ 23. Kc1 b3 24. axb3 cxb3 25. Rd2 Nxh1 26. Bd1 Rc8+ 27. Kb1 Re1 28. Nd4 Bxd4 29. Rxd4 Nf2 0-1

[Event "December 12 Early 2023"]
[Site "https://www.chess.com"]
[Date "2023.12.12"]
[Round "7"]
[White "Srihari L R"]
[Black "Santos Flores, Alberto"]
[Result "0-1"]
[Board "63"]
[TimeControl "180+1"]
[WhiteFideId "46617116"]
[BlackFideId "3601234"]
[WhiteElo "2738"]
[BlackElo "2553"]
[WhiteTeam "IND"]
[BlackTeam "ECU"]
[WhiteClock "0:00:00"]
[BlackClock "0:00:20"]

1. d4 Nf6 2. Bg5 Ne4 3. Bf4 c5 4. f3 Nf6 5. dxc5 Qa5+ 6. Nc3 Qxc5 7. Qd2 g6 8. O-O-O Bg7 9. e4 O-O 10. h4 Nc6 11. Be3 Qa5 12. a3 d6 13. Nge2 Rb8 14. Nf4 b5 15. Ncd5 Qxd2+ 16. Rxd2 Nxd5 17. Nxd5 a6 18. h5 Be6 19. hxg6 hxg6 20. Nf4 Bd7 21. Nd5 Rfc8 22. Kb1 Be6 23. Nf4 Ne5 24. Nxe6 fxe6 25. Bd4 Nc4 26. Bxc4 Rxc4 27. Bxg7 Kxg7 28. Rdd1 a5 29. Rh3 b4 30. axb4 Rcxb4 31. b3 a4 32. Rd3 axb3 33. Rxb3 Rxb3+ 34. cxb3 Rxb3+ 35. Kc2 Ra3 36. Rh2 Kf6 37. Kd2 d5 38. exd5 exd5 39. Ke2 e5 40. Rh8 Ra2+ 41. Kf1 d4 42. g3 Ra6 43. Ke2 Ke6 44. Rd8 Rd6 45. Ra8 Rb6 46. Rd8 Rb2+ 47. Kf1 Rd2 48. Rg8 Kf7 49. Rd8 g5 50. g4 Rd3 51. Ke2 Re3+ 52. Kf2 Kf6 53. Rf8+ Ke6 54. Rg8 Kf6 55. Rf8+ Kg7 56. Rf5 Kg6 57. Rf8 e4 58. fxe4 Rxe4 59. Kf3 Re3+ 60. Kf2 Ra3 61. Rd8 Ra4 62. Ke2 Kf6 63. Kd3 Ke5 64. Re8+ Kf4 65. Re4+ Kf3 66. Re8 Kxg4 0-1

[Event "December 12 Early 2023"]
[Site "https://www.chess.com"]
[Date "2023.12.12"]
[Round "7"]
[White "Chinguun, Sumiya"]
[Black "Asish Panda"]
[Result "1-0"]
[Board "64"]
[TimeControl "180+1"]
[WhiteFideId "4902572"]
[BlackFideId "45012458"]
[WhiteElo "2684"]
[BlackElo "2549"]
[WhiteTeam "MGL"]
[BlackTeam "IND"]
[WhiteClock "0:02:04"]
[BlackClock "0:00:42"]

1. e4 e6 2. d4 d5 3. Nc3 Nf6 4. e5 Nfd7 5. f4 c5 6. Nf3 Nc6 7. Ne2 a6 8. c3 b5 9. Be3 Be7 10. g3 O-O 11. Bg2 f5 12. exf6 Nxf6 13. O-O c4 14. Ne5 Bb7 15. Kh1 Ne4 16. Nxc6 Bxc6 17. Ng1 b4 18. Qe1 bxc3 19. bxc3 Qa5 20. Bd2 Rab8 21. Nf3 Rb2 22. a4 Rf6 23. Bc1 Rc2 24. Ba3 Bxa3 25. Rxa3 Rxc3 26. Ng5 Nxg5 27. fxg5 Rxf1+ 28. Bxf1 e5 29. Rxc3 exd4 30. Qe6+ 1-0

[Event "December 12 Early 2023"]
[Site "https://www.chess.com"]
[Date "2023.12.12"]
[Round "7"]
[White "Goltseva, Ekaterina"]
[Black "Schnaider, Ilan"]
[Result "1-0"]
[Board "65"]
[TimeControl "180+1"]
[WhiteFideId "24173770"]
[BlackFideId "169013"]
[WhiteElo "2540"]
[BlackElo "2668"]
[WhiteTeam "RUS"]
[BlackTeam "ARG"]
[WhiteClock "0:00:10"]
[BlackClock "0:00:06"]

1. Nf3 Nf6 2. c4 g6 3. Nc3 Bg7 4. e4 e5 5. Nxe5 O-O 6. Bd3 Re8 7. Nf3 d5 8. cxd5 Nxd5 9. O-O Nf4 10. Bc2 c5 11. d3 Ne6 12. Be3 Nc6 13. Ba4 Bd7 14. Rc1 Ncd4 15. Bxd7 Qxd7 16. Nd5 b6 17. b3 f5 18. Nxd4 Nxd4 19. f3 Qxd5 20. exd5 Rxe3 21. Re1 Bh6 22. Kh1 Rae8 23. Rxe3 Bxe3 24. Rb1 Kf7 25. b4 Bf2 26. Qa4 cxb4 27. d6 a5 28. Qd7+ Kf8 29. Qxh7 g5 30. Rc1 Nc6 31. g3 Bc5 32. d7 Rd8 33. Qxf5+ Ke7 34. Re1+ Kd6 35. Re6+ Kc7 36. Qf6 Nd4 37. Qe5+ Kxd7 38. Rg6 Re8 39. Rg7+ Be7 40. Qxd4+ Ke6 41. Qxb6+ Kf5 42. Qb5+ Kf6 43. Qxe8 Kxg7 44. Qxe7+ Kg6 45. Qc5 b3 46. axb3 a4 47. bxa4 Kh5 48. a5 Kh6 49. a6 g4 50. fxg4 Kg7 51. a7 Kf7 52. a8=Q Kg6 53. Qac6+ Kf7 54. Qa7+ Kf8 55. Qca8# 1-0

[Event "December 12 Early 2023"]
[Site "https://www.chess.com"]
[Date "2023.12.12"]
[Round "7"]
[White "Tokhirjonova, Gulrukhbegim"]
[Black "Baziuk, Vladyslav"]
[Result "1-0"]
[Board "66"]
[TimeControl "180+1"]
[WhiteFideId "14203626"]
[BlackFideId "34107940"]
[WhiteElo "2663"]
[BlackElo "2535"]
[WhiteTeam "USA"]
[BlackTeam "UKR"]
[WhiteClock "0:00:28"]
[BlackClock "0:00:06"]

1. e4 c5 2. Nf3 d6 3. Nc3 Nf6 4. Bc4 g6 5. d4 cxd4 6. Nxd4 Bg7 7. O-O O-O 8. h3 Nbd7 9. Be3 Nc5 10. Bd3 Nxd3 11. cxd3 a6 12. a4 Bd7 13. a5 Rc8 14. Nde2 Bc6 15. Bb6 Qd7 16. Ng3 e5 17. d4 Rfe8 18. Re1 h5 19. Qd3 h4 20. Nf1 d5 21. dxe5 dxe4 22. Qxd7 Nxd7 23. Nxe4 Nxb6 24. axb6 Bxe5 25. Nc3 Kg7 26. Ne3 f5 27. Nc4 Kf6 28. Nxe5 Rxe5 29. Rxe5 Kxe5 30. Re1+ Kd4 31. Re6 g5 32. Rg6 Kc4 33. Rxg5 Kb3 34. Rxf5 Kxb2 35. Ne2 Rg8 36. f3 Re8 37. Kf2 Bd7 38. Rf4 a5 39. Rxh4 a4 40. Rd4 a3 41. Rxd7 a2 42. Rd2+ Ka3 43. Rd1 Kb2 44. h4 a1=Q 45. Rxa1 Kxa1 46. h5 Re6 47. g4 Rxb6 48. g5 Rd6 49. h6 b5 50. h7 Rd8 51. g6 b4 52. g7 b3 53. h8=Q b2 54. Nc3 Rd2+ 55. Kg3 b1=Q 56. Nxb1 Kxb1 57. g8=Q Kc1 58. Qa1+ Kc2 59. Qc4# 1-0

[Event "December 12 Early 2023"]
[Site "https://www.chess.com"]
[Date "2023.12.12"]
[Round "7"]
[White "Estrada Nieto, Julian"]
[Black "Vishnu Prasanna. V"]
[Result "0-1"]
[Board "67"]
[TimeControl "180+1"]
[WhiteFideId "5101018"]
[BlackFideId "5030692"]
[WhiteElo "2531"]
[BlackElo "2663"]
[WhiteTeam "ESP"]
[BlackTeam "IND"]
[WhiteClock "0:00:36"]
[BlackClock "0:01:17"]

1. e4 c5 2. Nf3 Nc6 3. Bb5 e6 4. O-O Nge7 5. Re1 b6 6. c3 Bb7 7. d4 cxd4 8. cxd4 a6 9. Bf1 Ng6 10. d5 Nce5 11. Nc3 Bc5 12. Be3 Bxe3 13. Rxe3 O-O 14. Nxe5 Nxe5 15. Qh5 Ng6 16. Rd1 Qe7 17. a3 Rac8 18. Rh3 h6 19. Rg3 Qf6 20. Qe2 b5 21. Qe3 exd5 22. Nxd5 Bxd5 23. Rxd5 Qxb2 24. Rxd7 Rc1 25. Qd3 Ne5 26. Qd4 Qb1 27. Rxg7+ Kh8 28. h3 Rxf1+ 29. Kh2 Qa1 30. Qe3 Nf3+ 31. gxf3 Rh1+ 32. Kg3 Qxg7+ 33. Kh4 Qf6+ 34. Kh5 Rxh3+ 0-1

[Event "December 12 Early 2023"]
[Site "https://www.chess.com"]
[Date "2023.12.12"]
[Round "7"]
[White "Derjabin, Ilja"]
[Black "BestStelker"]
[Result "0-1"]
[Board "68"]
[TimeControl "180+1"]
[WhiteFideId "14104768"]
[WhiteElo "2529"]
[BlackElo "2662"]
[WhiteTeam "UKR"]
[WhiteClock "0:00:00"]
[BlackClock "0:00:03"]

1. d4 Nf6 2. c4 e6 3. Nc3 d5 4. cxd5 exd5 5. Bg5 Be7 6. e3 O-O 7. Bd3 c6 8. Qc2 Nbd7 9. Nge2 Re8 10. O-O Nf8 11. f3 Ne6 12. Bh4 g6 13. Rad1 Nh5 14. Bf2 a5 15. g4 Nf6 16. Ng3 c5 17. Bb5 Bd7 18. Bxd7 Qxd7 19. dxc5 Bxc5 20. Nge4 Nxe4 21. Nxe4 Be7 22. Nc3 d4 23. exd4 Ng5 24. Be3 Rac8 25. Kg2 Bf6 26. Bxg5 Bxg5 27. d5 Bf6 28. Qd3 Bxc3 29. bxc3 Qd6 30. c4 Rc5 31. Rfe1 Rec8 32. Re4 b5 33. cxb5 Rc3 34. Qd4 Qa3 35. d6 Qxa2+ 36. Rd2 Rc2 37. Ree2 Rxd2 38. Rxd2 Qe6 39. d7 Rd8 40. b6 Qc6 41. Qe3 a4 42. Qe7 Qxb6 43. Qe8+ Kg7 44. Re2 a3 45. Qe5+ Kg8 46. Qe8+ Kg7 47. Qe7 Qf6 48. Qxa3 Rxd7 0-1

[Event "December 12 Early 2023"]
[Site "https://www.chess.com"]
[Date "2023.12.12"]
[Round "7"]
[White "Gontcharov, Vladislav"]
[Black "Pham, Le Thao Nguyen"]
[Result "1-0"]
[Board "69"]
[TimeControl "180+1"]
[WhiteFideId "4123492"]
[BlackFideId "12401226"]
[WhiteElo "2657"]
[BlackElo "2527"]
[WhiteTeam "RUS"]
[BlackTeam "VIE"]
[WhiteClock "0:00:05"]
[BlackClock "0:00:00"]

1. d4 Nf6 2. c4 c6 3. Nf3 d5 4. e3 Bg4 5. Nc3 e6 6. h3 Bh5 7. g4 Bg6 8. Ne5 Nbd7 9. Nxg6 hxg6 10. Qb3 Qb6 11. Qxb6 axb6 12. Rg1 Bd6 13. cxd5 exd5 14. f3 O-O-O 15. a4 Rde8 16. Kf2 Kc7 17. Bd2 g5 18. Rc1 Kb8 19. Bg2 Nf8 20. Na2 Ne6 21. b4 Re7 22. Rgd1 Rhe8 23. Bf1 Nd7 24. Rb1 g6 25. Bd3 Ng7 26. e4 Bf4 27. Bc3 dxe4 28. fxe4 f5 29. e5 Ne6 30. gxf5 gxf5 31. Bxf5 Nc7 32. Bxd7 Rxd7 33. Kf3 Nd5 34. Bd2 Rh7 35. Bxf4 Rf8 36. Kg3 gxf4+ 37. Kh2 f3 38. Rb3 Rg7 39. Nc1 f2 40. Rf1 Rf4 41. Ne2 Rf8 42. Rg3 Rgf7 43. b5 Kc7 44. bxc6 bxc6 45. h4 Kd7 46. Kg2 Ke6 47. h5 1-0

[Event "December 12 Early 2023"]
[Site "https://www.chess.com"]
[Date "2023.12.12"]
[Round "7"]
[White "Borgaonkar Akshay"]
[Black "Play, Gilles"]
[Result "1-0"]
[Board "70"]
[TimeControl "180+1"]
[WhiteFideId "25639110"]
[BlackFideId "45130892"]
[WhiteElo "2617"]
[BlackElo "2523"]
[WhiteTeam "IND"]
[BlackTeam "FRA"]
[WhiteClock "0:02:44"]
[BlackClock "0:02:11"]

1. e4 c5 2. Nf3 Nf6 3. Nc3 d6 4. d4 cxd4 5. Nxd4 g6 6. f4 Bg7 7. e5 dxe5 8. fxe5 Ng4 9. Bb5+ Kf8 10. Ne6+ fxe6 11. Qxd8+ Kf7 12. O-O+ Bf6 13. Qxh8 1-0

[Event "December 12 Early 2023"]
[Site "https://www.chess.com"]
[Date "2023.12.12"]
[Round "7"]
[White "Berezin, Viktor"]
[Black "Mendez Fortes, Eduardo Jesus"]
[Result "0-1"]
[Board "71"]
[TimeControl "180+1"]
[WhiteFideId "14107872"]
[BlackFideId "3502376"]
[WhiteElo "2503"]
[BlackElo "2614"]
[WhiteTeam "UKR"]
[BlackTeam "CUB"]
[WhiteClock "0:01:05"]
[BlackClock "0:02:24"]

1. d4 Nf6 2. Nf3 d5 3. c4 e6 4. g3 dxc4 5. Bg2 a6 6. O-O Nc6 7. e3 Rb8 8. a4 Na5 9. Nfd2 c5 10. dxc5 Bxc5 11. b3 cxb3 12. Bb2 O-O 13. Qc1 Bd6 14. Nc4 Nxc4 15. Qxc4 e5 16. Qxb3 Be6 17. Qd3 Qe7 18. Nc3 Rfd8 19. Qe2 Rbc8 20. Rac1 Bc4 0-1

[Event "December 12 Early 2023"]
[Site "https://www.chess.com"]
[Date "2023.12.12"]
[Round "7"]
[White "Spata, German"]
[Black "Lehtosaari, Mauri"]
[Result "1-0"]
[Board "72"]
[TimeControl "180+1"]
[WhiteFideId "113026"]
[BlackFideId "501999"]
[WhiteElo "2609"]
[BlackElo "2489"]
[WhiteTeam "ARG"]
[BlackTeam "FIN"]
[WhiteClock "0:00:03"]
[BlackClock "0:00:00"]

1. Nf3 d5 2. b3 Nf6 3. Bb2 Bf5 4. e3 e6 5. c4 Be7 6. cxd5 exd5 7. Be2 c6 8. O-O O-O 9. d3 h6 10. a3 Nbd7 11. Re1 Re8 12. Nbd2 Nc5 13. Qc2 Ne6 14. b4 Bh7 15. Bc3 Rc8 16. Qb2 Rf8 17. a4 Ne8 18. Nd4 Bf6 19. N2f3 Nxd4 20. Bxd4 Bxd4 21. Qxd4 a6 22. Rec1 Nd6 23. h3 Re8 24. Rab1 Qe7 25. Qb2 Nf5 26. Nd4 Nxe3 27. fxe3 Qxe3+ 28. Kh1 Bxd3 29. Rc3 Qxd4 30. Rxd3 Qxb2 31. Rxb2 Re4 32. Bf3 Rc4 33. Re3 Kf8 34. Be2 Rd4 35. b5 Rxa4 36. bxa6 bxa6 37. Reb3 a5 38. Rb7 Re4 39. Bg4 Rce8 40. Rc7 Rc4 41. Rbb7 Rf4 42. Rxc6 Ra8 43. Rd6 d4 44. Rbd7 a4 45. Rxd4 Rxd4 46. Rxd4 a3 47. Rd1 g6 48. Bf3 Ra7 49. Kg1 Ke7 50. Kf2 Ke6 51. Bd5+ Kf6 52. Ke3 Ra5 53. Ba2 Ke7 54. Rd5 Rxd5 55. Bxd5 f6 56. Kf4 Kd6 57. Ba2 h5 58. g3 Kc5 59. Ke4 Kd6 60. h4 g5 61. Kf5 gxh4 62. gxh4 Ke7 63. Kg6 Kf8 64. Kxf6 Ke8 65. Kg6 Kf8 66. Kh6 Ke7 67. Kxh5 Kf6 68. Kh6 Ke7 69. Kg7 1-0

[Event "December 12 Early 2023"]
[Site "https://www.chess.com"]
[Date "2023.12.12"]
[Round "7"]
[White "Kavyev, Ruslan"]
[Black "Bazilius, Augustinas"]
[Result "0-1"]
[Board "73"]
[TimeControl "180+1"]
[WhiteFideId "34110981"]
[BlackFideId "12832251"]
[WhiteElo "2608"]
[BlackElo "2437"]
[WhiteTeam "RUS"]
[BlackTeam "LTU"]
[WhiteClock "0:01:24"]
[BlackClock "0:00:07"]

1. e4 c5 2. Nf3 d6 3. d4 cxd4 4. Nxd4 Nf6 5. Nc3 Nc6 6. Bc4 a6 7. Nxc6 bxc6 8. e5 d5 9. exf6 dxc4 10. Qxd8+ Kxd8 11. fxg7 Bxg7 12. Bd2 Kc7 13. O-O-O Rd8 14. Rhe1 Be6 15. Bf4+ Kb6 16. Be5 Bh6+ 17. Kb1 Bd2 18. Rf1 Bxc3 19. Bxc3 Rd5 20. Kc1 Rad8 21. Rde1 c5 22. f4 Kc6 23. h3 h5 24. a3 R8d7 25. Re3 h4 26. Re5 Rxe5 27. fxe5 Bd5 28. Rg1 Rd8 29. Be1 Rg8 30. Bxh4 Rxg2 31. Re1 Rh2 32. Bxe7 Rxh3 33. Bd6 Rh2 34. Bb8 Rg2 35. Rf1 Be4 36. Rxf7 Rxc2+ 37. Kd1 Rxb2 38. e6 Rxb8 39. e7 Re8 40. Rf4 Bd5 41. Rf6+ Kd7 42. Rxa6 Rxe7 43. Kd2 Re6 44. Kc3 Rxa6 45. a4 Rxa4 0-1

[Event "December 12 Early 2023"]
[Site "https://www.chess.com"]
[Date "2023.12.12"]
[Round "7"]
[White "Chlpik, Martin"]
[Black "Saravana, Krishnan P."]
[Result "0-1"]
[Board "74"]
[TimeControl "180+1"]
[WhiteFideId "14923351"]
[BlackFideId "5018382"]
[WhiteElo "2363"]
[BlackElo "2600"]
[WhiteTeam "SVK"]
[BlackTeam "IND"]
[WhiteClock "0:00:05"]
[BlackClock "0:01:13"]

1. d4 d5 2. c4 c6 3. Nf3 Nf6 4. Nc3 dxc4 5. g3 Bf5 6. Bg2 e6 7. O-O Bb4 8. Ne5 O-O 9. Nxc4 Bg6 10. Ne5 Nbd7 11. Qb3 Bxc3 12. Nxg6 hxg6 13. bxc3 Qb6 14. e4 Rfe8 15. Rb1 Rac8 16. Be3 Qa6 17. Qxb7 Qxa2 18. Ra1 Qc4 19. Rfc1 e5 20. Qxa7 exd4 21. cxd4 Qe6 22. Ra6 Nb8 23. d5 Qe5 24. Bd4 Qg5 25. f4 Qh5 26. Bxf6 Nxa6 27. d6 Ra8 28. d7 Reb8 29. Qxb8+ Rxb8 30. Rxc6 Qd1+ 31. Bf1 gxf6 32. Rc8+ Kg7 0-1

[Event "December 12 Early 2023"]
[Site "https://www.chess.com"]
[Date "2023.12.12"]
[Round "7"]
[White "Monpeurt, Cyrielle"]
[Black "Espinoza Villanueva, Rodrigo"]
[Result "0-1"]
[Board "75"]
[TimeControl "180+1"]
[WhiteFideId "677400"]
[BlackFideId "5140188"]
[WhiteElo "2274"]
[BlackElo "2590"]
[WhiteTeam "FRA"]
[BlackTeam "MEX"]
[WhiteClock "0:00:58"]
[BlackClock "0:00:56"]

1. Nf3 Nf6 2. b3 d5 3. Bb2 c5 4. e3 Nc6 5. Bb5 Bd7 6. O-O a6 7. Bxc6 Bxc6 8. Ne5 Rc8 9. f4 e6 10. d3 Be7 11. Nd2 O-O 12. Ndf3 b5 13. Qe1 Bb7 14. Qg3 c4 15. Bd4 Bd6 16. Ng5 h6 17. Ngf3 Qe7 18. Nh4 Rfd8 19. Rae1 cxb3 20. cxb3 Rc2 21. Rf2 Rdc8 22. Ref1 b4 23. f5 Rxf2 24. Qxf2 Bxe5 25. Bxe5 Ng4 26. Qg3 Nxe5 27. Qxe5 Qxh4 28. fxe6 f6 29. Qd6 Qh5 30. Qd7 Rb8 31. Qc7 Qe8 32. Rc1 Rc8 33. Qxb7 Rxc1+ 0-1

[Event "December 12 Early 2023"]
[Site "https://www.chess.com"]
[Date "2023.12.12"]
[Round "7"]
[White "Tay, Junior"]
[Black "Kamsky, Gata"]
[Result "0-1"]
[Board "76"]
[TimeControl "180+1"]
[WhiteFideId "5800439"]
[BlackFideId "2000024"]
[WhiteElo "2510"]
[BlackElo "2885"]
[WhiteTeam "SGP"]
[BlackTeam "USA"]
[WhiteClock "0:00:00"]
[BlackClock "0:00:13"]

1. e4 c5 2. Nf3 Nc6 3. b4 Nxb4 4. c3 Nc6 5. d4 d5 6. exd5 Qxd5 7. Nbd2 cxd4 8. Bc4 Qd8 9. cxd4 e6 10. O-O f6 11. Re1 Bb4 12. Bxe6 Bxe6 13. Rxe6+ Nge7 14. Qb3 Kf8 15. Ba3 Bxa3 16. Qxa3 Qa5 17. Qe3 Nd5 18. Qe4 Nc7 19. d5 Qxd5 20. Qxd5 Nxd5 21. Rd6 Nb6 22. Rb1 Ke7 23. Rd3 Rhd8 24. Re3+ Kf8 25. Ne4 Rd5 26. a4 Rad8 27. Ree1 Nxa4 28. Rxb7 Rd1 29. Kf1 Rxe1+ 30. Kxe1 Re8 31. Nd2 Nc5 32. Rc7 Nxe4 33. Rxc6 Nxd2+ 34. Kxd2 Rd8+ 35. Kc3 Ke7 36. Ra6 Rd7 37. Kc4 Kd8 38. Kc5 Kc8 39. Kc6 Rb7 40. Kd6 Kb8 41. Ke6 Rb2 42. g4 Rxf2 43. h4 Rf4 44. g5 Rxh4 45. gxf6 Rh6 46. Ke7 Rxf6 0-1